 Dungeon Crawl Stone Soup version 0.30.0-15-g856e2d3f33 (webtiles) character file.

Game seed: 2109011565291654257

20 CaptainMV the Chucker (level 2, 0/19 HPs)
             Began as a Demonspawn Wanderer on May 19, 2023.
             Slain by an adder (1 damage)
             ... on level 2 of the Dungeon.
             The game lasted 00:06:36 (622 turns).

CaptainMV the Chucker (Demonspawn Wanderer)          Turns: 622, Time: 00:06:36

Health: 0/19       AC:  4    Str:  9    XL:     2   Next: 58%
Magic:  1/4        EV: 11    Int: 14    God:
Gold:   54         SH:  0    Dex: 14    Spells: 2/3 levels left

rFire   . . .        a - +2 dagger
rCold   . . .        (no shield)
rNeg    . . .        e - +0 robe
rPois   .            (no helmet)
rElec   .            c - +0 cloak
rCorr   .            f - +0 pair of gloves
SInv    .            (no boots)
Will    .....        (no amulet)
Stlth   ++           (no ring)
HPRegen 0.23/turn    (no ring)
MPRegen 0.09/turn

%: no passive effects
@: very slightly contaminated
A: demonic magic 1
a: no special abilities


You were on level 2 of the Dungeon.
You visited 1 branch of the dungeon, and saw 2 of its levels.

You collected 54 gold pieces.

Inventory:

Hand Weapons
 a - a +2 dagger (weapon)
Missiles
 b - 3 curare-tipped darts (quivered)
Armour
 c - a +0 cloak (worn)
 e - a +0 robe (worn)
 f - a +0 pair of gloves (worn)
Scrolls
 g - a scroll of identify
 i - a scroll of fog
 j - 2 scrolls of amnesia
 k - a scroll of fear {unknown}
 l - a scroll of vulnerability {unknown}
Potions
 d - a potion of curing
 h - 3 potions of brilliance {unknown}


   Skills:
 + Level 4.0 Throwing
 + Level 1.0 Dodging
 + Level 2.0 Stealth
 + Level 1.3 Spellcasting
 + Level 0.1 Conjurations
 + Level 1.8 Air Magic


You had 2 spell levels left.
You knew the following spells:

 Your Spells              Type           Power      Damage    Failure   Level
a - Shock                 Conj/Air       12%        1d3       17%         1

Your spell library contained the following spells:

 Spells                   Type           Power      Damage    Failure   Level
 Mephitic Cloud           Conj/Pois/Air  2%         N/A       52%         3


Dungeon Overview and Level Annotations

Branches:
Dungeon (2/15)

Altars:


Innate Abilities, Weirdness & Mutations

Spells you cast may paralyse adjacent enemies.


Message History

Aiming: Shock (safe; 17% risk of failure)
Press: ? - help, Shift-Dir - straight line, f/p - adder
Aim: an adder (43% to hit)
You miscast Shock.
Nothing appears to happen.
You feel sick. The adder bites you but does no damage.
The adder closely misses you.
Unknown command.
Casting: Shock (safe; 17% risk of failure)
Confirm with . or Enter, or press ? or * to list all spells.
Aiming: Shock (safe; 17% risk of failure)
Press: ? - help, Shift-Dir - straight line, f/p - adder
Aim: an adder (43% to hit)
You miscast Shock.
Nothing appears to happen.
You feel sick. The adder misses you.
You hit the adder but do no damage.
You feel sick.
You are no longer poisoned.
The adder barely misses you.
You barely miss the adder. The adder barely misses you. x2
You barely miss the adder. The adder bites you.
You are poisoned.
The adder poisons you!
You miss the adder.
You feel sick. The adder bites you but does no damage.
You closely miss the adder.
You feel sick. The adder bites you.
* * * LOW HITPOINT WARNING * * *
The adder barely misses you.
You barely miss the adder.
You feel sick. The adder bites you but does no damage.
You hit the adder.
The adder is heavily wounded.
You feel sick.
You are no longer poisoned.
The adder bites you.
* * * LOW HITPOINT WARNING * * *
You barely miss the adder.
The adder is heavily wounded.
The adder closely misses you.
The quokka twitches its whiskers.
You barely miss the adder.
The adder is heavily wounded.
The adder bites you.
You die...

..............# .#
.........#.#
.####.##......#
.......?......#
.#....S...K...#
...########..##
...#...P..#...#
...#.....P#.or#####.###
.....P....'.KJhS@.....#
#..#....P.'..K#########
#..#......#...#
#..#......#...#
#..#####.#P...# ....
......... ....
..##......# ........
#......# ..


You could see an adder, an orc, an endoplasm, a quokka, a jackal and 2 kobolds.

Vanquished Creatures
  A dart slug (D:1)
  An endoplasm (D:1)
  2 goblins (D:1)
  A hobgoblin (D:1)
  2 quokkas (D:1)
  2 ball pythons (D:2)
  4 bats (D:1)
  A kobold (D:1)
  3 rats (D:1)
17 creatures vanquished.

Notes
Turn   | Place    | Note
-------+----------+-------------------------------------------
     0 | D:1      | CaptainMV the Demonspawn Wanderer began the quest for the
                  | Orb.
     0 | D:1      | CaptainMV set off with the following items: a +2 dagger, 3
                  | curare-tipped darts, a +0 cloak, a potion of curing, a +0
                  | robe; and the following spell memorised: Shock; and the
                  | following spells available to memorise: Mephitic Cloud.
     0 | D:1      | Reached XP level 1. HP: 13/13 MP: 2/2
   278 | D:1      | Gained mutation: Spells you cast may paralyse adjacent
                  | enemies. [demonic ancestry]
   278 | D:1      | Reached XP level 2. HP: 19/19 MP: 4/4
   397 | D:1      | Reached skill level 4 in Throwing
   622 | D:2      | Slain by an adder

Illustrated notes

Levels and vault maps discovered:
D:1:      psy_arrival_terrarium, layout_loops_cross
D:2:      cheibrodos_old_hovel, layout_rooms, minmay_misc_feat_iff

Skill      XL: |  1  2 |
---------------+-------+-----
Throwing       | 4 |  4.0
Stealth        | 2 |  2.0
Dodging        | |  1.0
Spellcasting   | |  1.3
Conjurations   | |  0.1
Air Magic      | |  1.8

Action                     || total
---------------------------++-------
  Melee: Dagger            ||    60
   Cast: Shock             ||     7
    Use: Scroll            ||     2
   Stab: Sleeping          ||     2
 Armour: Robe              ||    29
  Dodge: Dodged            ||    47
